Description

nothing to see here really

Replay - Echo LE (Void) (73)

Build Order

Get SALT Encoding   

  12  0:01  Drone  
  13  0:12  Overlord  
  13  0:17  Drone  
  14  0:30  Drone x2  
  14  0:35  Drone  
  17  0:52  Hatchery  
  17  0:54  Drone  
  17  0:57  Drone  
  18  1:08  Extractor  
  17  1:12  Spawning Pool  
  17  1:14  Drone  
  17  1:17  Drone  
  18  1:28  Drone  
  19  1:38  Overlord  
  19  1:49  Drone  
  20  1:58  Queen  
  20  2:00  Zergling x2  
  23  2:03  Queen  
  23  2:04  Zergling x2  
  23  2:07  Metabolic Boost  
  26  2:11  Drone  
  27  2:17  Drone  
  27  2:21  Drone  
  29  2:25  Drone  
  30  2:30  Evolution Chamber  
  30  2:33  Drone  
  30  2:36  Drone  
  31  2:42  Overlord  
  31  2:46  Drone  
  32  2:54  Drone  
  32  2:55  Zerg Melee Weapons Level 1  
  33  3:01  Drone  
  33  3:05  Drone  
  35  3:06  Queen x2  
  35  3:09  Overlord  
  39  3:13  Drone x2  
  39  3:19  Drone  
  42  3:15  Zergling x2  
  42  3:22  Zergling x2  
  44  3:34  Drone x4  
  48  3:41  Hatchery  
  48  3:45  Drone  
  48  3:46  Drone x2  
  50  3:52  Overlord  
  50  3:54  Drone x2  
  52  3:57  Evolution Chamber  
  51  4:04  Drone  
  51  4:09  Queen x2  
  52  4:10  Drone  
  52  4:15  Drone  
  52  4:16  Drone x2  
  59  4:19  Drone  
  59  4:25  Overlord  
  59  4:30  Drone x2  
  59  4:37  Zerg Ground Armor Level 1  
  59  4:39  Overlord  
  59  4:42  Overlord  
  59  4:45  Queen  
  59  4:52  Drone x4  
  67  4:55  Drone x2  
  67  4:57  Lair  
  67  4:58  Drone x2, Queen  
  67  4:59  Drone  
  72  5:01  Drone  
  72  5:02  Drone  
  72  5:05  Extractor  
  73  5:09  Drone x4  
  77  5:18  Zergling x6  
  80  5:27  Queen  
  80  5:28  Extractor  
  81  5:33  Queen  
  81  5:35  Zergling x12  
  89  5:37  Overlord x3  
  89  5:49  Extractor  
  88  5:50  Extractor  
  88  5:51  Extractor  
  88  5:54  Zerg Melee Weapons Level 2  
  88  5:56  Baneling Nest  
  85  5:57  Drone  
  85  5:58  Drone x8  
  94  6:05  Queen  
  94  6:06  Queen  
  94  6:09  Overlord x2, Queen  
  100  6:20  Hatchery  
  99  6:31  Zerg Ground Armor Level 2  
  99  6:34  Drone x2, Spire  
  99  6:35  Drone  
  101  6:41  Centrifical Hooks  
  101  6:42  Zergling x14  
  101  6:43  Zergling x6  
  101  6:45  Overlord  
  111  7:07  Drone x3  
  114  7:11  Overlord x3  
  114  7:12  Zergling x18  
  114  7:14  Zergling x2  
  124  7:15  Baneling  
  124  7:16  Baneling x2  
  124  7:21  Overlord x2  
  124  7:25  Hatchery  
  123  7:41  Zergling x26  
  136  7:50  Mutalisk x5  
  146  7:54  Baneling x5  
  146  7:55  Baneling x5  
  146  7:57  Mutalisk  
  148  8:25  Zergling x2  
  148  8:26  Zergling x36  
  167  8:42  Zergling x20  
  167  8:43  Infestation Pit  
  176  9:08  Overlord x4  
  176  9:09  Overseer x3  
  176  9:10  Mutalisk x2  
  176  9:12  Overlord x3  
Spawning Tool Build Advisor. Get it on Overwolf

Analysis

its a bad build

Go to:

Details

  • Created by: Pillow
  • Published on: Jan 16, 2017
  • Modified on: Jan 16, 2017
  • Patch: 3.8.0
Show
View Real Time Build Order
Export as new Build Order

Comments (0)

There are no comments. Be the first!

Create an account to comment!